SNL (28 & UNDER)
KEY WEST BARRACUDAS @ WICHITA WRANGLERS
08/15/2026
 
TOP OF THE 1ST
Key West Barracudas batting - Pitching for Wichita Wranglers : RHP Todd Brewster
Pitching: RHP Todd Brewster
Batting: SHB Rodney Birling 0-0: Called Strike
0-1: Swinging Strike
0-2: Strikes out swinging
Batting: RHB Carlos Bravo 0-0: Foul Ball, location: 2F
0-1: Fly out, F6 (Popup, 6MS)
Batting: RHB Anastasio Villa 0-0: Swinging Strike
0-1: Ball
1-1: Called Strike
1-2: Strikes out swinging
Top of the 1st over - 0 run(s), 0 hit(s), 0 error(s), 0 left on base; Key West 0 - Wichita 0
BOTTOM OF THE 1ST
Wichita Wranglers batting - Pitching for Key West Barracudas : RHP Chris Jones
Pitching: RHP Chris Jones
Batting: SHB Giancarlo Giannini 0-0: Called Strike
0-1: Ground out 4-3 (Groundball, 4)
Batting: LHB José Hernández 0-0: Ball
1-0: Ball
2-0: Called Strike
2-1: Ball
3-1: DOUBLE (Flyball, 7LD)
Batting: RHB Miguel Monteagudo 0-0: DOUBLE (Line Drive, 5D)
José Hernández scores
Batting: SHB Javier Peña 0-0: Ball
1-0: Foul Ball, location: 2F
1-1: Ball
2-1: Fly out, F6 (Popup, 8LS)
Batting: RHB Ed Watkins 0-0: Ball
1-0: Swinging Strike
1-1: Called Strike
1-2: Foul Ball, location: 2F
1-2: Ball
2-2: Foul Ball, location: 2F
2-2: Foul Ball, location: 2F
2-2: Strikes out swinging
Bottom of the 1st over - 1 run(s), 2 hit(s), 0 error(s), 1 left on base; Key West 0 - Wichita 1
TOP OF THE 2ND
Key West Barracudas batting - Pitching for Wichita Wranglers : RHP Todd Brewster
Batting: LHB Domingo Ledesma 0-0: Foul Ball, location: 2F
0-1: Ball
Single, Error in OF, E8, batter to second base
Batting: LHB Daniel Byrd 0-0: Called Strike
0-1: Ball
1-1: Called Strike
1-2: Fly out, F8 (Line Drive, 8LM)
Batting: LHB Víctor Acevedo 0-0: Ball
1-0: Ball
2-0: Swinging Strike
2-1: Foul Ball, location: 2F
2-2: Foul Ball, location: 2F
2-2: Foul Ball, location: 2F
2-2: Foul Ball, location: 2F
2-2: Foul Ball, location: 2F
2-2: Ball
3-2: Foul Ball, location: 2F
3-2: Base on Balls
Batting: RHB Carlos Miranda 0-0: Foul Ball, location: 2F
0-1: Called Strike
0-2: DOUBLE (Groundball, 5L)
Domingo Ledesma scores
Víctor Acevedo to third
Batting: RHB Dan Craft 0-0: Called Strike
0-1: Called Strike
0-2: Ball
1-2: Ball
2-2: Strikes out looking
Batting: LHB Motoki Hirata 0-0: Called Strike
0-1: Ball
1-1: Ground out 3-1 (Groundball, 3)
Top of the 2nd over - 1 run(s), 2 hit(s), 1 error(s), 2 left on base; Key West 1 - Wichita 1
BOTTOM OF THE 2ND
Wichita Wranglers batting - Pitching for Key West Barracudas : RHP Chris Jones
Batting: LHB Alfredo Sánchez 0-0: Ball
1-0: Fly out, F4 (Line Drive, 4)
Batting: RHB Dave Henderson 0-0: Called Strike
0-1: Ball
1-1: Foul Ball, location: 2F
1-2: Ground out 5-3 (Groundball, 5)
Batting: LHB Aurelio Torrez 0-0: Called Strike
0-1: Ground out 6-3 (Groundball, 6)
Bottom of the 2nd over - 0 run(s), 0 hit(s), 0 error(s), 0 left on base; Key West 1 - Wichita 1
TOP OF THE 3RD
Key West Barracudas batting - Pitching for Wichita Wranglers : RHP Todd Brewster
Batting: SHB Rodney Birling 0-0: Called Strike
0-1: Swinging Strike
0-2: Ground out 4-3 (Groundball, 34)
Batting: RHB Carlos Bravo 0-0: Ball
1-0: Foul Ball, location: 2F
1-1: Fly out, F8 (Line Drive, 8RM)
Batting: RHB Anastasio Villa 0-0: Called Strike
0-1: Fly out, F8 (Flyball, 8RS)
Top of the 3rd over - 0 run(s), 0 hit(s), 0 error(s), 0 left on base; Key West 1 - Wichita 1
BOTTOM OF THE 3RD
Wichita Wranglers batting - Pitching for Key West Barracudas : RHP Chris Jones
Batting: RHB James Stevens 0-0: Ball
1-0: Swinging Strike
1-1: Ball
2-1: Ground out 6-3 (Groundball, 6)
Batting: SHB Giancarlo Giannini 0-0: Ball
1-0: Foul Ball, location: 2F
1-1: Ball
2-1: Fly out, F8 (Flyball, 8LD)
Batting: LHB José Hernández 0-0: Swinging Strike
0-1: Fly out, F4 (Popup, 4M)
Bottom of the 3rd over - 0 run(s), 0 hit(s), 0 error(s), 0 left on base; Key West 1 - Wichita 1
TOP OF THE 4TH
Key West Barracudas batting - Pitching for Wichita Wranglers : RHP Todd Brewster
Batting: LHB Domingo Ledesma 0-0: Swinging Strike
0-1: Ground out U3 (Groundball, 3S)
Batting: LHB Daniel Byrd 0-0: Ground out 4-3 (Groundball, 4)
Batting: LHB Víctor Acevedo 0-0: Called Strike
0-1: Fly out, F7 (Flyball, 7LM)
Top of the 4th over - 0 run(s), 0 hit(s), 0 error(s), 0 left on base; Key West 1 - Wichita 1
BOTTOM OF THE 4TH
Wichita Wranglers batting - Pitching for Key West Barracudas : RHP Chris Jones
Batting: RHB Miguel Monteagudo 0-0: Called Strike
0-1: Called Strike
0-2: Ball
1-2: Fly out, F8 (Flyball, 8LS)
Batting: SHB Javier Peña 0-0: Called Strike
0-1: Ball
1-1: Ball
2-1: Ball
3-1: Foul Ball, location: 2F
3-2: Strikes out swinging
Batting: RHB Ed Watkins 0-0: Ball
1-0: Called Strike
1-1: Foul Ball, location: 2F
1-2: SINGLE (Flyball, 78S)
Batting: LHB Alfredo Sánchez 0-0: Ball
1-0: Swinging Strike
1-1: Ground out U3 (Groundball, 3L)
Bottom of the 4th over - 0 run(s), 1 hit(s), 0 error(s), 1 left on base; Key West 1 - Wichita 1
TOP OF THE 5TH
Key West Barracudas batting - Pitching for Wichita Wranglers : RHP Todd Brewster
Batting: RHB Carlos Miranda 0-0: Called Strike
0-1: Ball
1-1: Foul Ball, location: 2F
1-2: Foul Ball, location: 2F
1-2: Ball
2-2: Ball
3-2: SINGLE (Groundball, 5)
Batting: RHB Dan Craft 0-0: Called Strike
0-1: Foul Ball, location: 2F
0-2: Foul Ball, location: 2F
0-2: Foul Ball, location: 2F
0-2: Ground out 5-3 (Groundball, 5)
Carlos Miranda to second
Batting: LHB Motoki Hirata 0-0: Called Strike
0-1: Called Strike
0-2: Foul Ball, location: 2F
0-2: Foul Ball, location: 2F
0-2: Ball
1-2: Ball
2-2: Ball
3-2: Strikes out looking
Batting: SHB Rodney Birling 0-0: Foul Ball, location: 2F
0-1: Swinging Strike
0-2: Ball
1-2: Strikes out swinging passed ball, reaches first!
Carlos Miranda to third
Batting: RHB Carlos Bravo 0-0: Called Strike
0-1: Swinging Strike
0-2: Ball
1-2: Ball
2-2: Foul Ball, location: 2F
2-2: Ball
3-2: Strikes out swinging
Top of the 5th over - 0 run(s), 1 hit(s), 0 error(s), 2 left on base; Key West 1 - Wichita 1
BOTTOM OF THE 5TH
Wichita Wranglers batting - Pitching for Key West Barracudas : RHP Chris Jones
Batting: RHB Dave Henderson 0-0: Ball
1-0: Ball
2-0: Ball
3-0: Called Strike
3-1: Base on Balls
Batting: LHB Aurelio Torrez 0-0: Ball
1-0: Swinging Strike
1-1: Foul Ball, location: 2F
1-2: Strikes out looking
Batting: RHB James Stevens 0-0: Called Strike
0-1: Swinging Strike
0-2: Ball
1-2: Foul Ball, location: 2F
1-2: Fly out, F9 (Popup, 4D)
Batting: SHB Giancarlo Giannini 0-0: Ball
1-0: Ball
2-0: Foul Ball, location: 2F
2-1: Fly out, F2 (Popup, 2LF)
Bottom of the 5th over - 0 run(s), 0 hit(s), 0 error(s), 1 left on base; Key West 1 - Wichita 1
TOP OF THE 6TH
Key West Barracudas batting - Pitching for Wichita Wranglers : RHP Todd Brewster
Batting: RHB Anastasio Villa 0-0: Foul Ball, location: 2F
0-1: Swinging Strike
0-2: Ball
1-2: Foul Ball, location: 2F
1-2: Fly out, F7 (Flyball, 78XD)
Batting: LHB Domingo Ledesma 0-0: Fly out, F7 (Line Drive, 78M)
Batting: LHB Daniel Byrd 0-0: Ball
1-0: Ball
2-0: Ball
3-0: Foul Ball, location: 2F
3-1: SINGLE (Groundball, 25) (infield hit)
Batting: LHB Víctor Acevedo 0-0: Ball
1-0: Swinging Strike
1-1: Called Strike
1-2: Foul Ball, location: 2F
1-2: Ball
2-2: Ball
3-2: Foul Ball, location: 2F
3-2: Base on Balls
Daniel Byrd to second
Pitching: RHP Luis Pérez
Batting: RHB Carlos Miranda 0-0: Ball
1-0: Foul Ball, location: 2F
1-1: Foul Ball, location: 2F
1-2: SINGLE (Popup, 3S)
Daniel Byrd to third
Víctor Acevedo to second
Runner from 3rd tries for Home, SAFE, no throw or cutoff
Batting: RHB Dan Craft 0-0: SINGLE (Groundball, 56D)
Víctor Acevedo to third
Carlos Miranda to second
Runner from 3rd tries for Home, SAFE, no throw or cutoff
Batting: LHB Motoki Hirata 0-0: Ground out 4-3 (Groundball, 34)
Top of the 6th over - 2 run(s), 3 hit(s), 0 error(s), 2 left on base; Key West 3 - Wichita 1
BOTTOM OF THE 6TH
Wichita Wranglers batting - Pitching for Key West Barracudas : RHP Chris Jones
Batting: LHB José Hernández 0-0: Ground out 4-3 (Groundball, 4)
Batting: RHB Miguel Monteagudo 0-0: DOUBLE (Line Drive, 7LM)
Batting: SHB Javier Peña 0-0: Ball
1-0: Called Strike
1-1: Foul Ball, location: 2F
1-2: Foul Ball, location: 2F
1-2: Strikes out looking
Batting: RHB Ed Watkins 0-0: Called Strike
0-1: Called Strike
0-2: DOUBLE (Flyball, 9LM)
Miguel Monteagudo scores
Batting: LHB Alfredo Sánchez 0-0: Ball
1-0: Ball
2-0: Swinging Strike
2-1: Ball
3-1: Called Strike
3-2: Base on Balls
Batting: RHB Dave Henderson Balk!
Ed Watkins to third
Alfredo Sánchez to second
0-0: Fly out, F3 (Popup, 3SF)
Bottom of the 6th over - 1 run(s), 2 hit(s), 0 error(s), 2 left on base; Key West 3 - Wichita 2
TOP OF THE 7TH
Key West Barracudas batting - Pitching for Wichita Wranglers : RHP Luis Pérez
Batting: SHB Rodney Birling 0-0: Fly out, F5 (Popup, 2L)
Batting: RHB Carlos Bravo 0-0: Called Strike
0-1: Ball
1-1: Ball
2-1: Called Strike
2-2: SINGLE (Line Drive, 9LS)
Batting: RHB Anastasio Villa 0-0: Foul Ball, location: 2F
0-1: Ball
1-1: Foul Ball, location: 2F
1-2: Ball
2-2: Ball
3-2: Foul Ball, location: 2F
3-2: Foul Ball, location: 2F
3-2: Strikes out swinging
Batting: LHB Domingo Ledesma 0-0: Called Strike
0-1: Foul Ball, location: 2F
0-2: Foul Ball, location: 2F
0-2: Foul Ball, location: 2F
0-2: Fly out, F8 (Flyball, 8RM)
Top of the 7th over - 0 run(s), 1 hit(s), 0 error(s), 1 left on base; Key West 3 - Wichita 2
BOTTOM OF THE 7TH
Wichita Wranglers batting - Pitching for Key West Barracudas : RHP Chris Jones
Batting: LHB Aurelio Torrez 0-0: Called Strike
0-1: Called Strike
0-2: Foul Ball, location: 2F
0-2: Ball
1-2: Reached on error, E6 (Groundball, 6M)
Pitching: RHP Gerald Núñez
Batting: RHB James Stevens 0-0: Foul Ball, location: 2F
0-1: Sac Bunt - play at first, batter OUT! 1-4
Aurelio Torrez to second
Batting: SHB Giancarlo Giannini 0-0: Foul Ball, location: 2F
0-1: Foul Ball, location: 2F
0-2: Ball
1-2: Ball
2-2: Fly out, F7 (Flyball, 7D)
Batting: LHB José Hernández 0-0: Called Strike
0-1: Ball
1-1: Ball
2-1: Called Strike
2-2: Ball
3-2: Foul Ball, location: 2F
3-2: Base on Balls
Batting: RHB Miguel Monteagudo 0-0: Ball
1-0: Foul Ball, location: 2F
1-1: Called Strike
1-2: Ball
2-2: Foul Ball, location: 2F
2-2: Fly out, F9 (Line Drive, 9LM)
Bottom of the 7th over - 0 run(s), 0 hit(s), 1 error(s), 2 left on base; Key West 3 - Wichita 2
TOP OF THE 8TH
Key West Barracudas batting - Pitching for Wichita Wranglers : RHP Luis Pérez
Batting: LHB Daniel Byrd 0-0: SINGLE (Line Drive, 78S)
Pinch Runner at 1st Luis Manuel López:
Batting: LHB Víctor Acevedo 0-0: Sac Bunt - play at first, batter OUT! 1-4
Luis Manuel López to second
Pinch Hitting: RHB Joe Bailey 0-0: Intentional Walk
Batting: RHB Dan Craft 0-0: SINGLE (Groundball, 13) (infield hit)
Luis Manuel López to third
Joe Bailey to second
Batting: LHB Motoki Hirata 0-0: Ball
1-0: Foul Ball, location: 2F
1-1: Called Strike
1-2: SINGLE (Line Drive, 8LS)
Luis Manuel López scores
Joe Bailey to third
Dan Craft to second
Runner from 3rd tries for Home, SAFE, no throw or cutoff
Batting: SHB Rodney Birling 0-0: Grounds into double play, U4-3 (Groundball, 4)
Top of the 8th over - 2 run(s), 3 hit(s), 0 error(s), 1 left on base; Key West 5 - Wichita 2
BOTTOM OF THE 8TH
Wichita Wranglers batting - Pitching for Key West Barracudas : RHP Gerald Núñez
Now at 1B: Jake Wells
Now at SS: Luis Manuel López
Batting: SHB Javier Peña 0-0: Ball
1-0: Foul Ball, location: 2F
1-1: Foul Ball, location: 2F
1-2: Strikes out swinging
Batting: RHB Ed Watkins 0-0: Foul Ball, location: 2F
0-1: Foul Ball, location: 2F
0-2: SINGLE (Groundball, 6D) (infield hit)
Pitching: RHP Ed Calhoun
Batting: LHB Alfredo Sánchez 0-0: Foul Ball, location: 2F
0-1: Ball
1-1: Foul Ball, location: 2F
1-2: Ball
2-2: Foul Ball, location: 2F
2-2: Strikes out looking
Batting: RHB Dave Henderson 0-0: Ball
1-0: Called Strike
1-1: Ball
2-1: Foul Ball, location: 2F
2-2: Foul Ball, location: 2F
2-2: Foul Ball, location: 2F
2-2: Ball
3-2: SINGLE (Groundball, 4)
Ed Watkins to second
Ed Watkins to third
Pitching: LHP Luke Brown
Batting: LHB Aurelio Torrez 0-0: Ball
1-0: Ball
2-0: Ball
3-0: Called Strike
3-1: Ground out 1-3 (Groundball, 13)
Bottom of the 8th over - 0 run(s), 2 hit(s), 0 error(s), 2 left on base; Key West 5 - Wichita 2
TOP OF THE 9TH
Key West Barracudas batting - Pitching for Wichita Wranglers : RHP Luis Pérez
Batting: RHB Carlos Bravo 0-0: Called Strike
0-1: DOUBLE (Flyball, 9LD)
Pitching: LHP Jorge Ybarra
Batting: RHB Anastasio Villa 0-0: Intentional Walk
Batting: LHB Domingo Ledesma 0-0: Ball
1-0: Fly out, F6 (Popup, 6M)
Batting: SHB Luis Manuel López 0-0: Called Strike
0-1: Ball
1-1: Foul Ball, location: 2F
1-2: Strikes out swinging
Batting: LHB Víctor Acevedo 0-0: Called Strike
0-1: Ball
1-1: Called Strike
1-2: Foul Ball, location: 2F
1-2: Ball
2-2: Ball
3-2: Strikes out swinging
Top of the 9th over - 0 run(s), 1 hit(s), 0 error(s), 2 left on base; Key West 5 - Wichita 2
BOTTOM OF THE 9TH
Wichita Wranglers batting - Pitching for Key West Barracudas : LHP Luke Brown
Pitching: RHP Sean Harden
Now at 2B: Richard Sanders
Batting: RHB James Stevens 0-0: Ball
1-0: Called Strike
1-1: Ground out 4-3 (Groundball, 4)
Batting: SHB Giancarlo Giannini 0-0: Ball
1-0: Swinging Strike
1-1: Ball
2-1: Swinging Strike
2-2: Strikes out swinging
Batting: LHB José Hernández 0-0: Called Strike
0-1: Swinging Strike
0-2: Ball
1-2: Strikes out swinging
Bottom of the 9th over - 0 run(s), 0 hit(s), 0 error(s), 0 left on base; Key West 5 - Wichita 2
Monday, December 5th, 2016 - OOTP Baseball 17.12 Build 75